 Dungeon Crawl Stone Soup version 0.18-a0-1497-g788d838 (webtiles) character file.

20860 Goblin1989 the Grappler (level 12, -5/100 HPs)
             Began as a Demonspawn Gladiator on Mar 4, 2016.
             Was a High Priest of Okawaru.
             Slain by a polar bear simulacrum (18 damage)
             ... in an ice cave on Mar 5, 2016.
             The game lasted 01:25:04 (19954 turns).

Goblin1989 the Grappler (Demonspawn Gladiator)     Turns: 19954, Time: 01:25:05

Health: -5/100     AC: 13    Str: 21    XL:     12   Next: 49%
Magic:  24/24      EV:  8    Int: 10    God:    Okawaru [*****.]
Gold:   1190       SH:  0    Dex: 13    Spells: 0 memorised, 11 levels left

rFire  . . .     SeeInvis +       - Unarmed
rCold  . . .     Gourm    .     e - +0 plate armour
rNeg   . . .     Faith    .     (no shield)
rPois  .         Spirit   .     (helmet unavailable)
rElec  .         Dismiss  .     n - +0 cloak {MR+}
rCorr  .         Reflect  .     (no gloves)
SustAt .         Harm     .     (boots unavailable)
MR     +....                    (no amulet)
Stlth  ..........               w - ring of see invisible
                                I - ring of magical power

@: studying Necromancy, somewhat resistant to hostile enchantments, extremely
unstealthy
A: claws 1, horns 3, talons 3
a: Heroism, Finesse, Renounce Religion


You were in an ice cave.
You worshipped Okawaru.
Okawaru was extremely pleased with you.
You were very hungry.

You visited 2 branches of the dungeon, and saw 15 of its levels.
You also visited: Sewer and Ice Cave.

You collected 1190 gold pieces.

Inventory:

Hand Weapons
 b - a +0 hand axe of flaming
Missiles
 r - 2 throwing nets (quivered)
 J - 5 silver javelins
Armour
 e - a +0 plate armour (worn)
 k - a +1 chain mail of magic resistance
 n - a +0 cloak of magic resistance (worn)
 B - the +5 robe of Forking Paths {*Contam rPois Dex+2 SInv}
   (You found it on level 2 of the Lair of Beasts)

   It affects your dexterity (+2).
   It protects you from poison.
   It lets you see invisible.
   It causes magical contamination when unequipped.
Jewellery
 i - an uncursed ring of ice
 w - a ring of see invisible (right claw)
 F - a +5 ring of intelligence
 I - a ring of magical power (left claw)
Wands
 a - a wand of slowing (18/48)
 d - a wand of polymorph (13/24)
 P - a wand of teleportation (4/9)
Scrolls
 c - 7 scrolls of teleportation
 u - a scroll of enchant weapon
 v - 3 scrolls of noise
 x - 2 scrolls of fog
 y - 4 scrolls of remove curse
 A - 2 scrolls of recharging
 D - a scroll of fear
 G - 2 scrolls of blinking {unknown}
 H - a scroll of amnesia
 M - a scroll of enchant armour {unknown}
 N - a scroll of vulnerability {unknown}
 O - a scroll of identify
Potions
 m - 2 potions of might
 p - a potion of magic
 s - 2 potions of agility
 t - 4 potions of flight
 z - 3 potions of curing
 K - a potion of heal wounds
 L - a potion of lignification
Books
 C - a manual of Necromancy
Comestibles
 f - 9 bread rations
 g - 5 fruits
 h - a slice of pizza
 j - 8 meat rations
 l - 7 beef jerkies


   Skills:
 - Level 11.2 Fighting
 - Level 3.8 Axes
 + Level 6.8 Throwing
 - Level 6.0 Armour
 * Level 3.9 Dodging
 + Level 12.3 Unarmed Combat
 + Level 3.4 Necromancy
 + Level 4.6 Invocations


You had 11 spell levels left.
You didn't know any spells.

Dungeon Overview and Level Annotations

Branches:
Dungeon (11/15)            Temple (0/1) D:7            Lair (4/8) D:10
 Spider (0/4) Lair:4          Orc (0/2) D:10
  Swamp: Lair:3-6    Shoals: Lair:3-6

Altars:
Cheibriados
Okawaru
Ru
Trog
The Shining One

Annotations:
D:6 1 exclusion


Innate Abilities, Weirdness & Mutations

You have sharp fingernails.
You have a pair of large horns on your head.
You have claws for feet.


Message History

You claw the death yak simulacrum, but do no damage.
You scratch the death yak simulacrum.
You claw the death yak simulacrum, but do no damage. x2
The death yak simulacrum gores you but does no damage.
You scratch the death yak simulacrum but do no damage.
You claw the death yak simulacrum, but do no damage.
You headbutt the death yak simulacrum! The polar bear simulacrum bites you.
The polar bear simulacrum freezes you!!
The polar bear simulacrum claws you but does no damage. x2
You claw the death yak simulacrum!
The death yak simulacrum vapourises!
Okawaru accepts your kill. The death yak simulacrum gores you!
The death yak simulacrum freezes you!!
* * * LOW HITPOINT WARNING * * *
There is an ice covered gate leading back out of this place here.
You scratch the polar bear simulacrum. You headbutt the polar bear simulacrum!
The polar bear simulacrum bites you!
* * * LOW HITPOINT WARNING * * *
The polar bear simulacrum freezes you!!
You die...

#####
##...##
##..@..##
#..ZZ...#
#...∩...#
##..§..##
##.(.##
#(..#
(..##
#...#
##...


You could see a death yak simulacrum and a polar bear simulacrum.

Vanquished Creatures
  Gastronok (D:11)
  5 hydras
  Erica (D:11)
  2 hill giants
  The ghost of Azzok the Slicer, a novice MiFi of Okawaru (D:7)
  3 black mambas
  Maurice (D:11)
  A spiny frog (Lair:2)
  3 komodo dragons
  7 blink frogs
  A polar bear (Lair:3)
  A steam dragon (D:10)
  8 yaks
  2 basilisks (Lair:1)
  2 hippogriffs
  A hungry ghost (D:8)
  A death yak simulacrum (IceCv)
  3 wolves (Lair:2)
  Duvessa (D:7)
  3 water moccasins
  9 ice beasts
  3 porcupines
  5 orc warriors
  3 phantoms
  A black bear (D:6)
  A sky beast (D:7)
  A wasp (D:8)
  6 ogres
  9 crocodiles
  5 centaurs
  2 big kobolds
  9 giant frogs
  Dowan (D:7)
  5 scorpions
  A wyvern skeleton (D:7)
  6 killer bees
  A howler monkey (D:8)
  3 crimson imps
  A giant frog zombie (D:11)
  4 hounds
  9 orc priests
  2 centaur skeletons
  2 jellies
  Crazy Yiuf (D:4)
  11 iguanas
  Terence (D:2)
  11 orc wizards
  6 worker ants
  A wolf simulacrum (IceCv)
  A killer bee zombie (D:8)
  11 sheep
  A hound zombie (D:7)
  A worker ant zombie (D:7)
  4 gnolls (D:7)
  14 adders
  A shadow imp (D:4)
  3 adder skeletons
  4 worms
  3 dart slugs
  5 giant geckos
  64 orcs
  A ball python (D:1)
  7 giant cockroaches
  9 goblins
  2 hobgoblins
  7 jackals
  17 kobolds
  5 quokkas
  7 bats
  A giant gecko skeleton (D:5)
  3 giant newts
  12 rats
  A plant (Lair:3)
352 creatures vanquished.

Vanquished Creatures (others)
  2 fungi (Lair:2)
  2 plants (Lair:2)
4 creatures vanquished.

Grand Total: 356 creatures vanquished

Notes
Turn   | Place    | Note
--------------------------------------------------------------
     0 | D:1      | Goblin1989 the Demonspawn Gladiator began the quest for the Orb.
     0 | D:1      | Reached XP level 1. HP: 16/16 MP: 1/1
   325 | D:1      | Gained mutation: You have a pair of small horns on your head. [demonic ancestry]
   325 | D:1      | Reached XP level 2. HP: 17/22 MP: 2/2
   996 | D:2      | Gained mutation: You have sharp fingernails. [demonic ancestry]
   996 | D:2      | Reached XP level 3. HP: 20/27 MP: 3/3
  1166 | D:2      | Noticed Terence
  1176 | D:2      | Killed Terence
  1176 | D:2      | Reached skill level 1 in Unarmed Combat
  1252 | D:2      | Reached skill level 2 in Unarmed Combat
  1252 | D:2      | Reached XP level 4. HP: 28/33 MP: 4/4
  1612 | D:3      | Reached skill level 3 in Unarmed Combat
  1844 | D:3      | Reached XP level 5. HP: 35/38 MP: 5/5
  2067 | D:3      | Reached skill level 4 in Unarmed Combat
  2816 | D:4      | Gained mutation: You have a pair of horns on your head. [demonic ancestry]
  2816 | D:4      | Reached XP level 6. HP: 10/44 MP: 6/6
  2844 | D:4      | HP: 2/44 [poisoned by a scorpion]
  3228 | D:4      | Reached skill level 5 in Unarmed Combat
  3602 | D:4      | Reached skill level 6 in Unarmed Combat
  3844 | D:4      | Reached XP level 7. HP: 50/50 MP: 7/7
  3899 | D:4      | Found an iron altar of Okawaru.
  3903 | D:4      | Became a worshipper of Warmaster Okawaru
  3908 | D:4      | Found a bloodstained altar of Trog.
  3910 | D:4      | Found a glowing golden altar of the Shining One.
  4316 | D:4      | Noticed Crazy Yiuf
  4371 | D:4      | Killed Crazy Yiuf
  4782 | D:5      | Entered Level 5 of the Dungeon
  5230 | D:5      | Reached skill level 7 in Unarmed Combat
  5590 | D:5      | Reached * piety under Okawaru
  5590 | D:5      | Reached skill level 8 in Unarmed Combat
  5590 | D:5      | Gained mutation: You have sharp toenails. [demonic ancestry]
  5590 | D:5      | Reached XP level 8. HP: 44/56 MP: 8/8
  6435 | D:6      | Found a snail-covered altar of Cheibriados.
  6816 | D:6      | Found a glowing drain.
  6820 | Sewer    | Entered a sewer
  6914 | Sewer    | Reached skill level 9 in Unarmed Combat
  6994 | Sewer    | Found a glowing silver altar of Zin.
  7952 | D:7      | Found a staircase to the Ecumenical Temple.
  8066 | D:7      | Noticed Dowan
  8067 | D:7      | Noticed Duvessa
  8090 | D:7      | Killed Dowan
  8277 | D:7      | Found a bloodstained altar of Trog.
  8289 | D:7      | Reached XP level 9. HP: 30/65 MP: 9/9
  8516 | D:7      | Reached skill level 10 in Unarmed Combat
  8561 | D:7      | Reached ** piety under Okawaru
  8615 | D:7      | Noticed Azzok's ghost (novice MiFi)
  9036 | D:8      | Reached skill level 5 in Fighting
  9977 | D:7      | Killed Azzok's ghost
 10066 | D:7      | Killed Duvessa
 10071 | D:7      | Gained mutation: You have razor-sharp toenails. [demonic ancestry]
 10071 | D:7      | Reached XP level 10. HP: 42/79 MP: 10/10
 11166 | D:9      | Reached *** piety under Okawaru
 11321 | D:9      | Received a gift from Okawaru
 11571 | D:10     | Entered Level 10 of the Dungeon
 11583 | D:10     | Found a staircase to the Lair.
 11945 | D:10     | Noticed a hill giant
 12224 | D:10     | Reached skill level 5 in Throwing
 12732 | D:10     | Found a staircase to the Orcish Mines.
 12927 | D:10     | Killed a hill giant
 12927 | D:10     | Reached skill level 11 in Unarmed Combat
 13477 | Lair:1   | Entered Level 1 of the Lair of Beasts
 13621 | Lair:1   | Noticed a black mamba
 13646 | Lair:1   | Killed a black mamba
 13646 | Lair:1   | Reached **** piety under Okawaru
 14241 | D:11     | Noticed Maurice
 14251 | D:11     | Killed Maurice
 14251 | D:11     | Gained mutation: You have a pair of large horns on your head. [demonic ancestry]
 14251 | D:11     | Reached XP level 11. HP: 89/89 MP: 8/11
 14281 | D:11     | Noticed Gastronok
 14300 | D:11     | Killed Gastronok
 14300 | D:11     | Received a gift from Okawaru
 14300 | D:11     | Reached skill level 10 in Fighting
 14300 | D:11     | Reached skill level 1 in Armour
 14331 | D:11     | Noticed a hill giant
 14337 | D:11     | Killed a hill giant
 14617 | D:11     | Noticed Erica
 14637 | D:11     | Killed Erica
 14689 | D:11     | Noticed a death knight
 14767 | Lair:1   | Noticed a seven-headed hydra
 14774 | Lair:1   | Killed a seven-headed hydra
 15528 | Lair:1   | Reached ***** piety under Okawaru
 15762 | Lair:1   | Found a glowing golden altar of the Shining One.
 15881 | Lair:1   | Received a gift from Okawaru
 16443 | Lair:2   | Reached skill level 1 in Invocations
 16494 | Lair:2   | Noticed an eight-headed hydra
 16502 | Lair:2   | Killed an eight-headed hydra
 16502 | Lair:2   | Received a gift from Okawaru
 16915 | Lair:2   | Found a sacrificial altar of Ru.
 16941 | Lair:2   | Noticed a lindwurm
 16942 | Lair:2   | Noticed a lindwurm
 17049 | Lair:2   | Noticed a four-headed hydra
 17061 | Lair:2   | Killed a four-headed hydra
 17061 | Lair:2   | Reached skill level 5 in Armour
 17061 | Lair:2   | Gained mutation: You have claws for feet. [demonic ancestry]
 17061 | Lair:2   | Reached XP level 12. HP: 80/100 MP: 10/14
 17298 | Lair:2   | Got an ominously black robe
 17317 | Lair:2   | Identified the +5 robe of Forking Paths {*Contam rPois Dex+2 SInv} (You found it on level 2 of the Lair of Beasts)
 17620 | Lair:2   | Noticed a catoblepas
 17633 | Lair:2   | Reached skill level 12 in Unarmed Combat
 18003 | Lair:3   | Noticed a six-headed hydra
 18008 | Lair:3   | Killed a six-headed hydra
 19521 | Lair:4   | Noticed an eight-headed hydra
 19535 | Lair:4   | Killed an eight-headed hydra
 19535 | Lair:4   | Reached skill level 1 in Necromancy
 19821 | Lair:4   | Received a gift from Okawaru
 19852 | Lair:4   | Noticed an eight-headed hydra
 19889 | Lair:4   | Found a frozen archway.
 19942 | IceCv    | Entered an ice cave
 19954 | IceCv    | Slain by a polar bear simulacrum

Vault maps used:
D:1:      dpeg_arrival_stonehenge_12_columns, minmay_liquid_box, st_stairs_9,
          moated_statue
D:2:      uniq_terence
D:3:      first_bread, st_stairs_14
D:4:      grunt_temple_overflow_diamond, lightli_ossuary_entry_decrepit_ruins,
          uniq_crazy_yiuf_cottage
D:5:      serial_curves, eino_curves_03, eino_curves_01
D:6:      tgw_sif, lemuel_doored_altar, gup_sewer_entry_spiral,
          kennysheep_small_circle
D:7:      temple_doors_e, basic_altar, grunt_ogre_cave, uniq_duvessa
D:10:     lair_0_dummy, hiddenorc2_lemuel
D:11:     uniq_maurice, uniq_gastronok, uniq_erica
Lair:1:   basic_altar, beast_lair_carwin_11, infiniplex_staircase_pool_2
Lair:2:   basic_altar, minmay_lindwurm_lava
Lair:4:   spider_nest_entry_webs, portal_ice_cave_entry_ice_beasts,
          roderic_lost_polar_bear, grunt_megastairs_4, serial_bayou_shore_a
Sewer:    sewer_kobolds
IceCv:    ice_cave_small_necro

Skill      XL: |  1  2  3  4  5  6  7  8  9 10 11 12 |
---------------+-------------------------------------+-----
Axes           | 3 |  3.8
Unarmed Combat | 2 3 4 6 8 9 10 11 12 | 12.3
Fighting       | 3 7 9 11 | 11.2
Throwing       | 4 5 6 |  6.8
Armour         | 5 6 |  6.0
Invocations    | 2 4 |  4.6
Dodging        | 3 |  3.9
Necromancy     | 3 |  3.4

Action                   |  1- 3 |  4- 6 |  7- 9 | 10-12 || total
-------------------------+-------+-------+-------+-------++-------
Melee: War axe           |    86 |   184 |   129 |       ||   399
       Unarmed           |       |       |   308 |   537 ||   845
Throw: Javelin           |       |       |    16 |    44 ||    60
       Throwing net      |       |       |     4 |     5 ||     9
Invok: Heroism           |       |       |     7 |    20 ||    27
Evoke: Wand              |       |     3 |       |       ||     3
  Use: Scroll            |       |     8 |     7 |    11 ||    26
       Potion            |       |     2 |     2 |     5 ||     9
 Stab: Held in net/web   |       |       |     1 |     2 ||     3
       Invisible         |       |       |       |     4 ||     4
       Petrified         |       |       |       |     1 ||     1
  Eat: Chunk             |       |     9 |    14 |    29 ||    52
       Meat ration       |       |     1 |       |       ||     1
       Royal jelly       |       |       |     1 |       ||     1
       Fruit             |       |       |     2 |       ||     2
       Pizza             |       |       |       |     2 ||     2
